 Dungeon Crawl Stone Soup version 0.20.1-1-g8b1a95d66d (webtiles) character file.

11484 MondaySad the Severer (level 11, -1/92 HPs)
             Began as a Minotaur Berserker on Nov 30, 2017.
             Was a High Priest of Trog.
             Succumbed to Sonja's poison
             ... on level 10 of the Dungeon.
             The game lasted 00:18:16 (9525 turns).

MondaySad the Severer (Minotaur Berserker)          Turns: 9525, Time: 00:18:16

Health: -1/92      AC: 13    Str: 23    XL:     11   Next: 49%
Magic:  10/10      EV: 11    Int:  4    God:    Trog [*****.]
Gold:   431        SH:  5    Dex: 12    Spells: 10/10 levels left

rFire    . . .     SeeInvis .   l - +4 war axe
rCold    . . .     Gourm    .   k - +0 buckler
rNeg     . . .     Faith    .   E - +0 chain mail
rPois    .         Spirit   .   y - +1 hat
rElec    .         Reflect  .   F - +0 cloak
rCorr    .         Harm     .   (no gloves)
MR       ++...                  K - +0 pair of boots
Stlth    ..........             (no amulet)
Regen    1.3/turn               (no ring)
MPRegen  0.2/turn               (no ring)

@: lethally poisoned (-1 -> -39), berserk cooldown, regenerating, slowed, very
slow
A: retaliatory headbutt, horns 2
a: Berserk, Trog's Hand, Brothers in Arms, Burn Spellbooks, Renounce Religion


You were on level 10 of the Dungeon.
You worshipped Trog.
Trog was extremely pleased with you.
You were not hungry.

You visited 1 branch of the dungeon, and saw 10 of its levels.

You collected 587 gold pieces.
You spent 156 gold pieces at shops.

Inventory:

Hand Weapons
 l - a +4 war axe (weapon)
Armour
 k - a +0 buckler (worn)
 o - a +0 scale mail
 y - a +1 hat (worn)
 E - a +0 chain mail (worn)
 F - a +0 cloak (worn)
 K - a +0 pair of boots (worn)
Jewellery
 b - an uncursed ring of magical power {unknown}
 p - a cursed ring of teleportation {unknown}
 O - a +3 ring of protection {unknown}
 R - an uncursed ring of positive energy {unknown}
Wands
 w - a wand of lightning (8/15)
 L - a wand of digging (14/24)
 M - a wand of flame (32/48)
 P - a wand of acid (6/15)
Scrolls
 a - a scroll of random uselessness {unknown}
 e - 2 scrolls of magic mapping {unknown}
 f - 4 scrolls of immolation {unknown}
 g - 9 scrolls of identify {unknown}
 h - a scroll of noise {unknown}
 j - 10 scrolls of teleportation {unknown}
 n - 9 scrolls of remove curse {unknown}
 t - 3 scrolls of enchant weapon {unknown}
 u - a scroll of amnesia {unknown}
 v - 2 scrolls of fog {unknown}
 H - a scroll of vulnerability {unknown}
 J - a scroll of blinking {unknown}
 Q - a scroll of enchant armour {unknown}
Potions
 i - 4 potions of curing
 m - 3 potions of resistance {unknown}
 r - a potion of degeneration {unknown}
 x - a potion of invisibility {unknown}
 A - a potion of magic {unknown}
 B - a potion of haste {unknown}
 D - 3 potions of might {unknown}
 I - 3 potions of heal wounds
Books
 q - a book of Necromancy

   Spells                             Type                      Level
   a - Pain                           Necromancy                   1
   b - Animate Skeleton               Necromancy                   1
   c - Vampiric Draining              Necromancy                   3
   d - Regeneration                   Charms/Necromancy            3
   e - Animate Dead                   Necromancy                   4
   f - Control Undead                 Necromancy                   4
   Trog disapproves of the use of such an item.
 C - a book of Frost

   Spells                             Type                      Level
   a - Freeze                         Ice                          1
   b - Throw Frost                    Conjuration/Ice              2
   c - Ozocubu's Armour               Charms/Ice                   3
   d - Throw Icicle                   Conjuration/Ice              4
   e - Summon Ice Beast               Ice/Summoning                4
   Trog disapproves of the use of such an item.
 G - a book of Battle

   Spells                             Type                      Level
   a - Infusion                       Charms                       1
   b - Shroud of Golubria             Charms/Translocation         2
   c - Song of Slaying                Charms                       2
   d - Spectral Weapon                Hexes/Charms                 3
   e - Regeneration                   Charms/Necromancy            3
   Trog disapproves of the use of such an item.
 N - a book of Minor Magic

   Spells                             Type                      Level
   a - Magic Dart                     Conjuration                  1
   b - Blink                          Translocation                2
   c - Call Imp                       Summoning                    2
   d - Slow                           Hexes                        2
   e - Conjure Flame                  Conjuration/Fire             3
   f - Mephitic Cloud                 Conjuration/Poison/Air       3
   Trog disapproves of the use of such an item.
Comestibles
 c - 5 bread rations
 d - a chunk of flesh
 s - 24 royal jellies
 z - 4 meat rations


   Skills:
 + Level 7.4 Fighting
 - Level 16.9 Axes
 + Level 6.1 Armour
 + Level 6.1 Dodging
 - Level 6.9 Shields


You had 10 spell levels left.
You didn't know any spells.

Dungeon Overview and Level Annotations

Branches:
Dungeon (10/15)            Temple (0/1) D:4            Lair (0/6) D:9
    Orc (0/2) D:10

Altars:
Ashenzari
Cheibriados
Dithmenos
Fedhas
Gozag
Kikubaaqudgha
Makhleb
Qazlal
Ru
Trog
Xom
Zin

Shops:
D:8 !

Annotations:
D:10 1 runed door, Sonja


Innate Abilities, Weirdness & Mutations

You reflexively headbutt those who attack you in melee.
You have a pair of horns on your head.


Message History

You feel very sick. You block Sonja's attack.
Sonja hits you but does no damage.
You are more poisoned.
Sonja hits you with an uncursed dagger of venom.
* * * LOW HITPOINT WARNING * * *
You are more poisoned.
The yak gores you but does no damage. Sonja misses you.
Sonja barely misses you. You block Sonja's attack.
You closely miss Sonja.
Sonja is severely wounded.
You hit the yak.
* * * LOW HITPOINT WARNING * * *
You feel very sick.
Sonja mumbles some strange words.
Sonja blinks!
* * * LOW HITPOINT WARNING * * *
You feel extremely sick.
Sonja plants her feet in a plie.
The yak closely misses you.
You die...

### ### #>. ... #.##.#
#.@..# ####..####
#(YY(...(# #+#
.....YY#.#.#)###.#########
.....Y.YK...)(............
........##################
........ # ...#.... #
##.##... #


You could see 6 yaks and Sonja.

Vanquished Creatures
  The ghost of qepasa the Jinx, a journeyman FoEn of Okawaru (D:8)
  A two-headed ogre (D:8)
  The ghost of monokles the Insei, a novice DsWn of Nemelex Xobeh (D:6)
  An unseen horror (D:10)
  Pikel (D:5)
  A cyclops (D:9)
  A gargoyle (D:9)
  A queen bee (D:9)
  2 shadows (D:10)
  Eustachio (D:6)
  2 yaks
  3 wraiths (D:10)
  2 fire bats (D:10)
  3 hogs (D:7)
  A human (D:7)
  3 hungry ghosts
  The ghost of Smoofers the Cudgeler, an amateur GrBe of Trog (D:4)
  2 hell hounds (D:9)
  Duvessa (D:7)
  8 orc warriors
  A sky beast (D:7)
  A phantom (D:6)
  4 slaves (D:5)
  3 ice beasts
  A necrophage (D:7)
  4 ogres
  A big kobold (D:6)
  7 bullfrogs
  Dowan (D:7)
  A wyvern zombie (D:9)
  A scorpion (D:9)
  29 killer bees
  An electric eel (D:6)
  A howler monkey (D:9)
  4 crimson imps
  A quasit (D:7)
  A bullfrog zombie (D:6)
  3 hounds
  2 jellies
  A centaur skeleton (D:8)
  3 orc priests
  7 orc wizards
  Crazy Yiuf (D:6)
  Jessica (D:2)
  Natasha (thrice) (D:2)
  6 worker ants
  A hound zombie (D:5)
  A worker ant zombie (D:7)
  6 gnolls (D:6)
  2 howler monkey skeletons
  4 adders
  2 shadow imps (D:8)
  An ooze (D:7)
  2 adder skeletons
  3 worms (D:2)
  4 leopard geckos
  33 orcs
  5 giant cockroaches
  28 goblins
  28 hobgoblins
  13 jackals
  2 ball pythons (D:1)
  A ball python skeleton (D:4)
  12 bats
  4 frilled lizards
  A jackal zombie (D:5)
  11 kobolds
  A rat (D:2)
  A fungus (D:6)
292 creatures vanquished.

Vanquished Creatures (others)
  A kobold (D:3)
1 creature vanquished.

Grand Total: 293 creatures vanquished

Notes
Turn   | Place    | Note
-------+----------+-------------------------------------------
     0 | D:1      | MondaySad the Minotaur Berserker began the quest for the Orb.
     0 | D:1      | Reached XP level 1. HP: 19/19 MP: 0/0
   266 | D:1      | Reached skill level 4 in Axes
   478 | D:1      | Reached XP level 2. HP: 22/26 MP: 1/1
  1011 | D:2      | Found a faded altar of an unknown god.
  1030 | D:2      | Noticed Natasha
  1037 | D:2      | Killed Natasha
  1037 | D:2      | Reached skill level 5 in Axes
  1037 | D:2      | Reached XP level 3. HP: 23/31 MP: 2/2
  1153 | D:2      | Noticed Natasha
  1179 | D:2      | Killed Natasha
  1179 | D:2      | Reached ** piety under Trog
  1179 | D:2      | Reached skill level 1 in Shields
  1179 | D:2      | Reached XP level 4. HP: 19/39 MP: 3/3
  1248 | D:2      | Noticed Natasha
  1258 | D:2      | Killed Natasha
  1435 | D:2      | Found a glowing silver altar of Zin.
  1436 | D:2      | Found a burning altar of Makhleb.
  1437 | D:2      | Noticed an angel
  1438 | D:2      | Noticed a green death
  1469 | D:2      | Noticed Jessica
  1471 | D:2      | Killed Jessica
  1471 | D:2      | Reached skill level 6 in Axes
  1593 | D:3      | Reached XP level 5. HP: 25/45 MP: 4/4
  2499 | D:4      | Noticed Smoofers's ghost (amateur GrBe)
  2507 | D:4      | Killed Smoofers's ghost
  2507 | D:4      | Reached skill level 7 in Axes
  2507 | D:4      | Reached XP level 6. HP: 51/51 MP: 5/5
  2529 | D:4      | Found a staircase to the Ecumenical Temple.
  3059 | D:5      | Entered Level 5 of the Dungeon
  3059 | D:5      | Found a shadowy altar of Dithmenos.
  3172 | D:5      | Noticed a slave
  3173 | D:5      | Noticed a slave
  3173 | D:5      | Noticed a slave
  3173 | D:5      | Noticed a slave
  3174 | D:5      | Noticed Pikel
  3184 | D:5      | Killed a slave
  3186 | D:5      | Killed a slave
  3187 | D:5      | Killed a slave
  3188 | D:5      | Killed a slave
  3191 | D:5      | Killed Pikel
  3191 | D:5      | Reached skill level 9 in Axes
  3191 | D:5      | Reached XP level 7. HP: 44/57 MP: 6/6
  3491 | D:5      | Reached XP level 8. HP: 58/64 MP: 7/7
  3806 | D:5      | Found a blossoming altar of Fedhas.
  3806 | D:5      | Found an ancient bone altar of Kikubaaqudgha.
  3988 | D:6      | Reached *** piety under Trog
  4039 | D:6      | Reached skill level 10 in Axes
  4246 | D:6      | Noticed Eustachio
  4261 | D:6      | Killed Eustachio
  4313 | D:6      | Found a snail-covered altar of Cheibriados.
  4346 | D:6      | Noticed monokles's ghost (novice DsWn)
  4356 | D:6      | Killed monokles's ghost
  4356 | D:6      | Reached skill level 12 in Axes
  4356 | D:6      | Reached XP level 9. HP: 70/70 MP: 8/8
  5184 | D:6      | Reached **** piety under Trog
  5208 | D:6      | Reached skill level 13 in Axes
  5459 | D:6      | Found a runed door.
  5463 | D:6      | Noticed Crazy Yiuf
  5466 | D:6      | Killed Crazy Yiuf
  5833 | D:7      | Noticed Duvessa
  5834 | D:7      | Noticed Dowan
  5842 | D:7      | Killed Duvessa
  5842 | D:7      | Reached skill level 14 in Axes
  5847 | D:7      | Killed Dowan
  6098 | D:7      | Reached skill level 15 in Axes
  6099 | D:7      | Reached XP level 10. HP: 56/77 MP: 9/9
  6322 | D:8      | Noticed a two-headed ogre
  6331 | D:8      | Killed a two-headed ogre
  6407 | D:8      | Reached skill level 16 in Axes
  6473 | D:8      | Noticed qepasa's ghost (journeyman FoEn)
  6535 | D:8      | Killed qepasa's ghost
  7223 | D:8      | Found Xiqos's Distillery.
  7227 | D:8      | Bought a potion of heal wounds for 60 gold pieces
  7227 | D:8      | Bought a potion of heal wounds for 60 gold pieces
  7227 | D:8      | Bought a potion of curing for 36 gold pieces
  7574 | D:9      | Reached ***** piety under Trog
  7624 | D:9      | Found a staircase to the Lair.
  7900 | D:9      | Noticed a gargoyle
  7912 | D:9      | Killed a gargoyle
  7929 | D:9      | Noticed a cyclops
  7997 | D:9      | Killed a cyclops
  7997 | D:9      | Reached skill level 5 in Fighting
  7997 | D:9      | Reached XP level 11. HP: 86/86 MP: 10/10
  8251 | D:9      | Reached skill level 5 in Dodging
  8657 | D:9      | Found an opulent altar of Gozag.
  8657 | D:9      | Found a bloodstained altar of Trog.
  8662 | D:9      | Found a shimmering altar of Xom.
  8666 | D:9      | Found a shattered altar of Ashenzari.
  8668 | D:9      | Found a faded altar of an unknown god.
  8707 | D:10     | Entered Level 10 of the Dungeon
  8758 | D:10     | Reached skill level 5 in Armour
  8844 | D:10     | Killed an unseen horror
  9055 | D:10     | Found a staircase to the Orcish Mines.
  9188 | D:10     | Found a runed door.
  9208 | D:10     | Found a sacrificial altar of Ru.
  9217 | D:10     | Found a sacrificial altar of Ru.
  9229 | D:10     | Found a bloodstained altar of Trog.
  9376 | D:10     | Found a burning altar of Makhleb.
  9390 | D:10     | Found a stormy altar of Qazlal.
  9442 | D:10     | Found a blossoming altar of Fedhas.
  9486 | D:10     | Noticed Sonja
  9525 | D:10     | Succumbed to Sonja's poison

Skill      XL: |  1  2  3  4  5  6  7  8  9 10 11 |
---------------+----------------------------------+-----
Axes           | 4 5 6 7 9 12 15 16 | 16.9
Shields        | 1 2 4 6 |  6.9
Fighting       | 5 7 |  7.4
Armour         | 4 6 |  6.1
Dodging        | 4 6 |  6.1

Action                   |  1- 3 |  4- 6 |  7- 9 | 10-12 || total
-------------------------+-------+-------+-------+-------++-------
Melee: Hand axe          |    53 |    42 |       |       ||    95
       Headbutt          |     6 |    15 |    50 |    62 ||   133
       War axe           |       |    44 |   265 |   355 ||   664
Invok: Berserk           |     2 |     4 |     4 |     8 ||    18
       Trog's Hand       |       |       |     1 |     3 ||     4
  Use: Potion            |       |       |       |     3 ||     3
  Eat: Chunk             |     2 |     5 |    14 |    26 ||    47
       Bread ration      |       |     1 |       |       ||     1
       Fruit             |       |       |       |     2 ||     2
Armor: Animal skin       |     3 |       |       |       ||     3
       Ring mail         |    13 |     4 |       |       ||    17
       Scale mail        |       |    18 |    21 |       ||    39
       Chain mail        |       |       |    70 |   176 ||   246
Dodge: Dodged            |    33 |    34 |    93 |   149 ||   309
Block: Buckler           |       |    19 |    46 |    75 ||   140
